AoeStats
← Omicronio

African Clearing

510567044Analyzed
3v3 RM · 12h ago on Oct 1, 2026· 61m 24s· 6 players
Game mode
Random Map
Map size
Normal (6 player)
Population
200
Speed
Normal
Resources
Standard
Victory
Conquest
Starting age
Dark Age
Ending age
Imperial Age
RankedLock teamsTeams togetherTeam positionsShared explorationLock speedFull tech treeHidden civsTurbo modeCheats
Victory
Defeat
🇪🇸 Saracens · Spain
1291
+13
🇪🇸 Berbers · Spain
1282
+13
🇪🇸 Hindustanis · Spain
1267
+14
🇨🇳 Spanish · China
1238
-14
🇺🇸 Bengalis · United States
1233
-14
🇷🇴 Khitans · Romania
1178
-12
treetoptony
3:44 Loom
12:53 Feudal Age
16:57 Castle Age
17:36 Fletching
18:55 Wheelbarrow
24:10 Padded Archer Armor
24:31 Elite Skirmisher
25:44 Double-Bit Axe
30:13 Ballistics
33:18 Leather Archer Armor
34:10 Bodkin Arrow
34:22 Horse Collar
36:28 Bow Saw
36:16 Town Watch
36:41 Husbandry
36:51 Bloodlines
40:16 Imperial Age
41:57 Bracer
42:55 Conscription
43:46 Heavy Plow
43:14 Elite Elephant Archer
45:21 Chemistry
46:18 Ring Archer Armor
46:38 Paiks
48:19 Hand Cart
48:04 Town Patrol
48:23 Scale Barding Armor
48:29 Forging
48:54 Elite Battle Elephant
53:03 Chain Barding Armor
55:08 Plate Barding Armor
55:09 Iron Casting
᲼
3:58 Loom
12:45 Feudal Age
19:05 Double-Bit Axe
23:43 Castle Age
22:21 Scale Mail Armor
22:45 Padded Archer Armor
22:44 Fletching
24:41 Leather Archer Armor
29:07 Gold Mining
29:02 Domestication
32:47 Bodkin Arrow
32:22 Elite Skirmisher
41:44 Imperial Age
41:34 Ballistics
fengyiwui
13:38 Feudal Age
17:47 Castle Age
16:03 Double-Bit Axe
17:47 Horse Collar
21:03 Loom
31:20 Husbandry
35:59 Imperial Age
34:07 Wheelbarrow
33:20 Town Watch
34:16 Gold Mining
34:55 Padded Archer Armor
34:47 Fletching
35:02 Scale Barding Armor
35:13 Bloodlines
35:40 Hand Cart
35:19 Stone Mining
36:32 Leather Archer Armor
36:41 Ballistics
38:08 Chemistry
38:25 Ring Archer Armor
38:08 Elite Conquistador
40:46 Bow Saw
41:00 Conscription
41:33 Stone Shaft Mining
44:07 Two-Man Saw
44:55 Bodkin Arrow
46:47 Coinage
48:01 Chain Barding Armor
47:52 Forging
48:42 Banking
49:13 Thumb Ring
52:31 Plate Barding Armor
52:31 Iron Casting
52:24 Scale Mail Armor
52:09 Cavalier
52:26 Pikeman
53:06 Squires
52:52 Gambesons
52:52 Arson
53:26 Bracer
53:14 Halberdier
53:59 Bracer
53:42 Elite Skirmisher
55:37 Blast Furnace
55:40 Chain Mail Armor
58:05 Plate Mail Armor
PsychoDog
4:04 Loom
11:45 Feudal Age
13:18 Wheelbarrow
13:00 Double-Bit Axe
15:12 Horse Collar
19:04 Wheelbarrow
21:33 Castle Age
20:20 Forging
20:46 Fletching
21:54 Padded Archer Armor
23:21 Bow Saw
25:37 Bodkin Arrow
31:57 Husbandry
33:13 Leather Archer Armor
37:29 Imperial Age
35:54 Scale Barding Armor
38:37 Ballistics
38:40 Bracer
39:32 Bloodlines
40:00 Siege Engineers
40:58 Chemistry
40:09 Masonry
40:44 Conscription
40:55 Light Cavalry
41:57 Chain Barding Armor
42:20 Elite Camel Archer
44:32 Ring Archer Armor
44:51 Thumb Ring
46:09 Kasbah
49:02 Town Watch
49:32 Hand Cart
50:09 Maghrebi Camels
50:47 Iron Casting
50:39 Gold Mining
50:40 Stone Mining
54:28 Plate Barding Armor
54:54 Blast Furnace
53:15 Hussar
58:55 Coinage
58:26 Caravan
61:43 Siege Engineers
Omicronio
13:38 Feudal Age
13:25 Loom
18:17 Castle Age
17:14 Double-Bit Axe
21:05 Bow Saw
22:25 Horse Collar
23:28 Town Watch
27:36 Husbandry
35:13 Scale Barding Armor
35:27 Gold Mining
38:56 Forging
41:38 Iron Casting
41:50 Bloodlines
44:09 Chain Barding Armor
46:04 Wheelbarrow
45:55 Bimaristan
45:58 Fletching
47:39 Hand Cart
48:41 Gold Shaft Mining
48:51 Bodkin Arrow
49:19 Light Cavalry
53:49 Imperial Age
55:02 Conscription
54:53 Counterweights
54:20 Hussar
55:37 Plate Barding Armor
56:03 Blast Furnace
54:59 Elite Mameluke
60:42 Chemistry
59:47 Siege Engineers
Kashmir
6:43 Loom
13:34 Feudal Age
21:08 Fletching
23:43 Padded Archer Armor
25:50 Castle Age
30:26 Elite Skirmisher
31:03 Bodkin Arrow
35:38 Horse Collar
38:28 Scale Mail Armor
40:54 Wheelbarrow
42:07 Leather Archer Armor
41:57 Double-Bit Axe
45:36 Bow Saw
46:52 Hand Cart
48:14 Ballistics
53:24 Imperial Age
50:47 Pikeman
51:27 Squires
51:13 Arson
62:24 Two-Man Saw
61:26 Heavy Plow
61:19 Gold Mining
61:21 Stone Mining
61:37 Town Watch
Connection lost

Rejoining the realm…

Still unreachable

The connection could not be restored.

Session expired

The server has moved on; the page needs a fresh start.